 Dungeon Crawl Stone Soup version 0.28-a0-514-g0d7ab7f379 (webtiles) character file.

Game seed: 6228575185268621301

62 meatgazer the Unweaver (level 3, 0/29 HPs)
             Began as a Demonspawn Abyssal Knight on Sept 22, 2021.
             Was a Follower of Lugonu.
             Slain by an iguana (6 damage)
             ... on level 3 of the Dungeon.
             The game lasted 00:04:16 (2238 turns).

meatgazer the Unweaver (Demonspawn Abyssal Knight)  Turns: 2238, Time: 00:04:17

Health: 0/29       AC:  7    Str: 14    XL:     3   Next: 85%
Magic:  6/6        EV:  9    Int: 11    God:    Lugonu [*.....]
Gold:   88         SH:  0    Dex: 13    Spells: 2/2 levels left

rFire   . . .      SeeInvis .   a - +1 spear (venom)
rCold   . . .      Faith    .   (no shield)
rNeg    . . .      Spirit   .   d - +0 scale mail {Will+}
rPois   .          Reflect  .   n - +0 hat
rElec   .          Harm     .   (no cloak)
rCorr   .          Rampage  .   b - +0 pair of gloves
Will    +....                   (no boots)
Stlth   ..........              (no amulet)
HPRegen 0.09/turn               (no ring)
MPRegen 0.10/turn               (no ring)

@: no status effects
A: hooves 1, foul stench 1
a: Renounce Religion, Depart the Abyss


You were on level 3 of the Dungeon.
You worshipped Lugonu.
Lugonu was aware of your devotion.
You visited 1 branch of the dungeon, and saw 3 of its levels.
You visited the Abyss 1 time.

You collected 88 gold pieces.

Inventory:

Hand Weapons
 a - a +1 spear of venom (weapon)
Armour
 b - a +0 pair of gloves (worn)
 d - a +0 scale mail of willpower (worn)
 f - a +2 ring mail of positive energy
 n - a +0 hat (worn)
Jewellery
 h - a ring of flight
Scrolls
 m - a scroll of identify
Potions
 c - a potion of degeneration {unknown}
 i - 2 potions of attraction {unknown}
 k - a potion of lignification {unknown}
Miscellaneous
 e - a phantom mirror


   Skills:
 + Level 3.4 Fighting
 + Level 2.2 Polearms
 - Level 1.7 Armour
 - Level 0.8 Dodging
 * Level 4.0 Invocations
 + Level 1.2 Evocations


You had 2 spell levels left.
You didn't know any spells.
Your spell library was empty.

Dungeon Overview and Level Annotations

Branches:
Dungeon (3/15)

Altars:


Innate Abilities, Weirdness & Mutations

You have large cloven feet.
You may rarely emit foul miasma when damaged in melee.


Message History

You hit the kobold.
You kill the kobold!
Lugonu accepts your kill.
No target in view!
Things that are here:
a +0 dagger; a stone You hear the rusting of a very distant drain.
A rat comes into view.
A ball python comes into view.
The ball python hisses angrily.
The rat twitches its whiskers.
Found a scroll of teleportation and a scroll of identify.
You hit the ball python.
You kill the ball python!
Lugonu accepts your kill.
You reach to attack!
You hit the rat.
You kill the rat!
Lugonu accepts your kill.
Your Invocations skill increases to level 4!
No target in view!
No target in view!
Magic restored.
You see here a ball python corpse.
An iguana comes into view.
The iguana hisses angrily.
An iguana is nearby!
You reach to attack!
You hit the iguana but do no damage.
The iguana is poisoned.
You barely miss the iguana. The iguana bites you.
You closely miss the iguana. You kick the iguana, but do no damage.
The iguana bites you.
You barely miss the iguana. You kick the iguana, but do no damage.
The iguana is lightly wounded.
The iguana bites you!
* * * LOW HITPOINT WARNING * * *
You are too injured to fight recklessly!
You barely miss the iguana.
The iguana is lightly wounded.
The iguana bites you.
You die...

#.).#.#.#
#.#####.#
#.......#+####..
#######.........
####..†.....
##..†........
#?...........
#............
#..@..####...
#..l..# ...
#.....# ..
#.?...# #......
#.......
........+
######...#


You could see an iguana (very poisoned).

Vanquished Creatures
  An adder (D:3)
  A dart slug (D:2)
  6 ball pythons
  6 endoplasms
  A giant cockroach (D:1)
  6 goblins
  A hobgoblin (D:1)
  5 jackals (D:1)
  2 quokkas (D:1)
  6 bats
  A frilled lizard (D:1)
  5 kobolds
  6 rats
47 creatures vanquished.

Notes
Turn   | Place    | Note
-------+----------+-------------------------------------------
     0 | Abyss:1  | meatgazer the Demonspawn Abyssal Knight began the quest for
                  | the Orb.
     0 | Abyss:1  | Reached XP level 1. HP: 18/18 MP: 2/2
    49 | Abyss:2  | Noticed a quicksilver dragon skeleton
    64 | Abyss:2  | Noticed a large abomination
    79 | Abyss:2  | Noticed a wretched star
    80 | Abyss:2  | Noticed a sixfirhy
    81 | D:1      | Escaped the Abyss
   100 | D:1      | Reached * piety under Lugonu
   158 | D:1      | Found a faded altar of an unknown god.
   194 | D:1      | Gained mutation: You may rarely emit foul miasma when
                  | damaged in melee. [demonic ancestry]
   194 | D:1      | Reached XP level 2. HP: 24/24 MP: 4/4
   197 | D:1      | Reached skill level 3 in Invocations
   805 | D:1      | Reached skill level 1 in Evocations
   805 | D:1      | Gained mutation: You have large cloven feet. [demonic
                  | ancestry]
   805 | D:1      | Reached XP level 3. HP: 25/29 MP: 5/5
  2220 | D:3      | Reached skill level 4 in Invocations
  2238 | D:3      | Slain by an iguana

Illustrated notes

Levels and vault maps discovered:
D:1:      shiori_shiawase, layout_loops_ring, ebering_ecumenical_altar_box
D:2:      layout_basic, minmay_fountain_box
D:3:      layout_basic, mainiacjoe_overflow_catwalk, gup_sewer_entry_pipe,
          nrook_mini_backslash, due_unseen_surprise, uniq_sigmund

Skill      XL: |  1  2  3 |
---------------+----------+-----
Invocations    | 3 4 |  4.0
Polearms       | 2 |  2.2
Evocations     | 1 |  1.2
Fighting       | |  3.4
Armour         | |  1.7
Dodging        | |  0.8

Action                   || total
-------------------------++-------
Melee: Spear             ||   166
       Kick              ||    15
Invok: Depart the Abyss  ||     1
  Use: Scroll            ||     6
Armor: Scale mail        ||    47
       Leather armour    ||     1
Dodge: Dodged            ||    62

Table legend: (Time is in decaauts)
 A = Elapsed time spent in this place.
 B = Non-inter-level travel time spent in this place.
 C = Inter-level travel time spent in this place.
 D = Time resting spent in this place.
 E = Time spent auto-exploring this place.
 F = Levels seen in this place.
 G = Mean time per level.
                   A        B        C        D        E       F      G
               +--------+--------+--------+--------+--------+-----+--------+
         Total |   2236 |   2110 |    126 |     23 |   1708 |   5 |  447.2 |
       Dungeon |   2155 |   2029 |    126 |     23 |   1672 |   3 |  718.3 |
         Abyss |     80 |     80 |      0 |      0 |     36 |   2 |   40.0 |
               +--------+--------+--------+--------+--------+-----+--------+

Top non-repeatable levels by time:
     D:2: 963 daAuts
     D:1: 908 daAuts
     D:3: 283 daAuts
 Abyss:2: 51 daAuts
 Abyss:1: 29 daAuts
